Map: Dreamcatcher LE

Players

Serral - Winner!

  • Race: Zerg Zerg
  • Spawn Location: 11:00

JonSnow

  • Race: Zerg Zerg
  • Spawn Location: 5:00

Event: WCS Montreal 2018

VOD

Have the link to the VOD?

Description

Time

  • Played on: Sept. 8, 2018, 9:56 a.m.
  • Length: 8:55

All games in this series

Show
View Real Time Build Order
Export as new Build Order

Serral Zerg - Winner!

Build Orders: Hatch First 

Get SALT Encoding   

  12  0:00  Drone  
  13  0:12  Overlord  
  13  0:17  Drone  
  14  0:30  Drone x2  
  16  0:48  Hatchery  
  15  0:51  Drone  
  15  0:55  Drone  
  17  1:08  Spawning Pool  
  17  1:10  Extractor  
  15  1:13  Drone  
  15  1:17  Drone  
  17  1:20  Drone  
  18  1:27  Drone  
  19  1:42  Drone  
  20  1:55  Queen  
  20  1:57  Overlord  
  20  1:59  Queen  
  20  2:01  Zergling x2  
  25  2:02  Drone  
  26  2:10  Drone  
  26  2:11  Drone  
  26  2:12  Metabolic Boost  
  28  2:22  Drone x2  
  30  2:33  Overlord  
  30  2:35  Drone, Queen  
  33  2:43  Drone x2  
  35  2:47  Evolution Chamber  
  34  2:54  Roach Warren  
  34  2:56  Drone  
  34  2:59  Overlord  
  34  3:06  Drone x2  
  34  3:09  Drone  
  37  3:15  Overlord  
  37  3:18  Zerg Missile Weapons Level 1  
  37  3:19  Zergling x4  
  39  3:23  Zergling x4  
  41  3:27  Zergling x2  
  41  3:28  Zergling x2  
  41  3:33  Zergling x2  
  44  3:38  Zergling x2  
  45  3:46  Zergling x6  
  49  3:48  Drone x2  
  49  3:55  Hatchery  
  49  3:58  Zergling x4  
  52  4:02  Drone  
  52  4:03  Drone  
  53  4:10  Overlord  
  53  4:11  Drone x2  
  55  4:20  Roach  
  55  4:21  Roach x2  
  55  4:23  Overlord  
  59  4:25  Extractor  
  59  4:27  Roach  
  60  4:33  Lair  
  60  4:45  Roach x3  
  65  4:46  Drone x4  
  65  4:51  Overlord, Extractor  
  68  4:53  Roach  
  68  4:58  Roach x2  
  73  5:13  Drone x6  
  79  5:18  Overlord  
  79  5:19  Drone x2  
  81  5:23  Overlord  
  81  5:30  Drone x2  
  81  5:33  Glial Reconstitution  
  81  5:34  Drone x2  
  85  5:36  Overlord  
  84  5:47  Roach  
  84  5:48  Roach x3  
  84  5:49  Drone x2  
  95  5:50  Drone  
  95  5:52  Zerg Missile Weapons Level 2  
  95  5:55  Extractor  
  95  5:56  Drone, Extractor  
  94  6:04  Roach x3  
  98  6:12  Overseer  
  98  6:14  Drone x8  
  98  6:17  Extractor  
  105  6:19  Overlord  
  104  6:29  Drone x2  
  104  6:30  Drone x3  
  104  6:32  Hatchery  
  108  6:33  Pneumatized Carapace  
  108  6:37  Overlord  
  108  6:45  Roach x4  
  116  6:47  Roach  
  116  6:48  Roach  
  116  6:51  Roach  
  120  7:01  Roach x6  
  130  7:09  Overlord x2  
  130  7:11  Overlord  
  128  7:22  Roach  
  128  7:26  Roach x2  
  128  7:28  Overlord x2  
  128  7:29  Roach x5  
  134  7:31  Roach  
  134  7:37  Roach x6  
  138  7:43  Ravager  
  138  7:44  Ravager x3  
  141  7:46  Roach x4  
  151  7:51  Roach x2  
  151  7:52  Queen  
  151  7:54  Overlord  
  151  7:57  Roach x2  
  157  8:01  Roach  
  157  8:02  Roach x2  
  163  8:12  Roach x6  
  155  8:20  Roach x4  
Show
View Real Time Build Order
Export as new Build Order

JonSnow Zerg 

Build Orders: Hatch First 

Get SALT Encoding   

  12  0:00  Drone  
  13  0:13  Overlord  
  13  0:17  Drone  
  14  0:32  Drone x2  
  16  0:36  Drone  
  17  0:52  Hatchery  
  17  0:55  Drone  
  17  0:58  Drone  
  18  1:09  Extractor  
  17  1:13  Spawning Pool  
  17  1:17  Drone  
  17  1:20  Drone  
  18  1:32  Drone  
  19  1:40  Drone  
  20  1:56  Overlord  
  20  2:00  Queen  
  22  2:05  Queen  
  22  2:06  Zergling x2  
  22  2:07  Drone  
  26  2:08  Metabolic Boost  
  26  2:16  Drone x2  
  28  2:25  Drone  
  29  2:31  Drone  
  29  2:34  Drone  
  31  2:41  Hatchery  
  30  2:48  Queen  
  32  3:02  Baneling Nest  
  32  3:04  Drone x2, Overlord  
  32  3:05  Drone  
  33  3:18  Drone x3  
  33  3:19  Overlord  
  36  3:30  Zergling x2  
  36  3:31  Zergling x4  
  39  3:39  Overlord  
  39  3:42  Drone x3  
  42  3:49  Overlord  
  42  3:58  Zergling x4  
  42  3:59  Zergling x8  
  42  4:02  Baneling x2  
  48  4:05  Zergling x2  
  49  4:10  Evolution Chamber  
  49  4:12  Zergling x4  
  50  4:24  Zergling x10  
  48  4:29  Zergling x2  
  53  4:33  Baneling  
  53  4:36  Drone, Zerg Missile Weapons Level 1  
  53  4:38  Hatchery, Roach Warren  
  51  4:47  Drone x2  
  51  4:52  Zergling x2  
  54  4:56  Extractor  
  54  4:57  Extractor  
  52  5:01  Drone  
  52  5:02  Drone  
  53  5:08  Overlord x2  
  51  5:16  Baneling x2  
  51  5:18  Roach  
  51  5:19  Roach  
  57  5:28  Roach x2  
  57  5:32  Roach  
  63  5:39  Roach  
  63  5:40  Overlord  
  65  5:45  Drone x5  
  66  5:50  Drone x2  
  66  5:52  Drone  
  66  5:54  Lair  
  68  5:57  Drone  
  68  5:58  Evolution Chamber  
  68  6:01  Drone x2  
  70  6:09  Drone x3  
  70  6:10  Drone x2  
  73  6:12  Drone x2  
  73  6:13  Hatchery  
  73  6:14  Drone  
  73  6:16  Drone  
  76  6:24  Overlord x2  
  76  6:32  Drone x2  
  78  6:38  Extractor  
  78  6:39  Drone x2  
  79  6:41  Drone  
  79  6:42  Drone x6  
  79  6:44  Drone  
  87  6:47  Zerg Ground Armor Level 1  
  87  6:50  Extractor  
  84  6:54  Roach x3  
  84  6:55  Roach  
  84  7:01  Roach x3  
  97  7:06  Roach x4  
  101  7:11  Roach x2  
  95  7:24  Roach x5  
  95  7:29  Roach x2  
  91  7:38  Roach x2  
  91  7:39  Roach x3  
  100  7:46  Roach x2  
  104  7:51  Roach x2  
  106  8:00  Drone x2  
  106  8:04  Roach  
  110  8:11  Roach x2  
  98  8:15  Roach  
  98  8:18  Roach x3  
  94  8:21  Roach  
Tags
 
Add a new tag
Caveats
  • Supply blocks, unpowered buildings, or Contaminate may cause inaccurate times.
  • Supply counts are checked every 10 seconds.